Map: Frozen Temple

Players

Miszu

  • Race: Terran Terran
  • League: Master

msrm - Winner!

  • Race: Zerg Zerg
  • League: Master

VOD

Have the link to the VOD?

Description

Time

  • Played on: April 19, 2016, 3:35 p.m.
  • Length: 4:10
Show
View Real Time Build Order
Export as new Build Order

Miszu Terran 

Build Orders: Reaper Expand 

Get SALT Encoding   

  12  0:03  SCV  
  13  0:15  SCV  
  13  0:20  Supply Depot  
  14  0:27  SCV  
  15  0:41  SCV  
  16  0:44  Barracks  
  16  0:46  Refinery  
  16  0:53  SCV  
  17  1:06  SCV  
  18  1:18  SCV  
  19  1:32  Reaper, Orbital Command  
  20  1:42  Command Center  
  20  1:53  Supply Depot  
  20  1:58  SCV  
  21  2:04  Marine  
  22  2:15  Factory  
  22  2:16  Refinery  
  22  2:18  SCV  
  24  2:29  Bunker  
  23  2:30  SCV  
  23  2:36  Barracks Tech Lab  
  24  2:42  SCV  
  25  2:54  SCV  
  27  3:02  Orbital Command  
  27  3:03  Marine  
  27  3:12  Starport  
  27  3:13  Siege Tank  
  27  3:19  SCV  
  31  3:21  Marine  
  32  3:33  SCV  
  33  3:39  SCV  
Show
View Real Time Build Order
Export as new Build Order

msrm Zerg - Winner!

Build Orders: Hatch First 

Get SALT Encoding   

  12  0:00  Drone  
  13  0:08  Drone  
  14  0:17  Overlord  
  14  0:23  Extractor  
  14  0:27  Drone  
  14  0:30  Extractor, Drone  
  16  0:36  Drone  
  17  0:55  Hatchery  
  16  0:57  Drone  
  17  1:04  Drone  
  18  1:11  Extractor  
  18  1:18  Spawning Pool  
  16  1:19  Drone  
  16  1:22  Drone  
  18  1:27  Drone  
  19  1:37  Overlord  
  19  1:50  Drone  
  20  2:05  Roach Warren, Queen  
  20  2:06  Zergling x2  
  22  2:09  Queen  
  22  2:10  Extractor  
  23  2:17  Drone  
  24  2:33  Drone  
  24  2:35  Overlord  
  25  2:45  Roach x3  
  31  2:54  Queen  
  33  3:06  Ravager x3  
  33  3:09  Roach  
  38  3:17  Overlord  
  38  3:26  Roach  
  38  3:27  Roach  
  42  3:28  Roach  
  44  3:44  Roach x2  
Tags
 
Add a new tag
Caveats
  • Supply blocks, unpowered buildings, or Contaminate may cause inaccurate times.
  • Supply counts are checked every 10 seconds.